barbahack, neutral male human Barbarian ----------------------------------------------------------------------------- |.|...............|.....|`...).%..|.......|...|...............|.......|.....| |.|.---.|.---------.---.|.-----.|.---.---.|.|.|.---.---.-----.|.---.---.|.--| |^|.|.|.|.|.........|.|.|.|...|.|.....|.|.|.|.....|.|...|...|.|.|...|...|...| |.|.|.|.|.|.---------.|.|.|--.|.------|.|.|------.|.----|.|.|--.|.|.|.-----.| |.|.|.|.|.|...|.......|...|...|...gj| |...|.....|.|.....|.|.|.%`|.|.|.|.|...| |.|.|.|.-----.---.---.|----.|.-----@|.|.--|.---.-------.|.|.|.--|.---.|.|.|.| |.|...|.....|...|.|...|.....|.....|.|.|...|...|...%.%.|...|.....|.....|.|.|.| |.---.|----.---.|.|.-------.---.---.|.---.---.|------.----------|.-----.|.|.| |<..|.|...|.....|.|.|.....|...|..............................>..|.%.....|.|.| |.--|.|.|.|------.|.|.---.---.|.|.---.|.---.-------------------.---------.|.| |...|.|.|.|.......|...|.|...|.|.|.|...|...|.|.....|...........|`..........|.| |.|.|.|--.|.-----.|----.---.|.|.|.|.-----.|.|.---.|.---------.---.---.-----.| |%....|...|...|...|........)|.|.|.|.....|...|.|...|.|**.....|...|.|...|..*..| |.|---|.---.---.--|.---------.|.|.|-----|.--|.|.|.|.|.-----.|--%|.|.|.|.----| |.|...|.....|...|.|...|.......|.|.|.....|...|.|.|.|...|...|.|.|.| |.|.|.|...| |.|.|.-------.---.---.|.-------.|.|.---.-----.|.-------.---.|.|.-----.|.|.|.| |...|.........|.........|.......|.....|.......|...............|.......|...|.| ----------------------------------------------------------------------------- barbahack the Raider Experience level: 14 Strength: 18/45 Dexterity: 19 Constitution: 18 Intelligence: 7 Wisdom: 9 Charisma: 6 Health: 0(166) Energy: 23(23) Def: 0 Gold: 0 Moves: 29589 Dungeon seed: Z01tejoyiY0rkmGr Game ID: barbahack_1453735458 Your Inventory: Amulets P - an uncursed amulet of reflection (being worn) Weapons l - the uncursed +2 Grayswandir n - 7 blessed +0 daggers (in quiver) W - a blessed +0 battle-axe (weapon in hands) Comestibles z - 2 uncursed lizard corpses Wands f - an uncursed wand of fire (0:5) g - an uncursed wand of sleep (0:7) o - an uncursed wand of opening (0:5) p - an uncursed wand of digging (0:5) t - an uncursed wand of digging (0:4) Tools a - an uncursed +0 unicorn horn b - an uncursed towel k - an uncursed skeleton key u - an uncursed magic lamp (lit) B - an uncursed oilskin sack Z - an uncursed +0 pick-axe Contents of the oilskin sack: 3401 gold pieces an uncursed amulet of ESP an uncursed +0 dagger an uncursed +0 elven broadsword an uncursed +1 elven dagger an uncursed +0 Hawaiian shirt an uncursed +0 dwarvish iron helm an uncursed +2 elven cloak a blessed +1 elven cloak a cursed +0 elven cloak an uncursed +2 elven mithril-coat an uncursed +0 elven shield a cursed -3 pair of elven boots an uncursed +0 pair of gauntlets of power an uncursed +0 pair of speed boots a cursed +0 shield of reflection an uncursed apple an uncursed egg 3 uncursed food rations an uncursed fortune cookie 4 uncursed lizard corpses an uncursed orange an uncursed pear an uncursed tripe ration 2 uncursed scrolls of enchant armor a blessed scroll of fire an uncursed scroll of gold detection an uncursed scroll of identify an uncursed scroll of teleportation an uncursed potion of hallucination 3 uncursed potions of healing a cursed potion of healing a cursed potion of invisibility an uncursed potion of monster detection a blessed potion of object detection an uncursed potion of object detection 2 uncursed potions of paralysis an uncursed potion of restore ability a potion of unholy water an uncursed ring of levitation an uncursed ring of polymorph control a cursed -3 ring of protection an uncursed ring of regeneration an uncursed wand of cold (0:4) an uncursed wand of death (0:5) an uncursed wand of light (0:12) an uncursed wand of sleep (0:4) an uncursed wand of slow monster (0:5) an uncursed wand of striking (0:8) an uncursed wand of striking (0:6) an uncursed wand of striking (0:5) an uncursed wand of undead turning (0:4) an uncursed +0 unicorn horn Spells and supernatural/magical abilities: Name Level Category Fail Memory W - pray for help -- divine ? -- Your skills at the end: Miscellaneous Skills bare handed combat [Basic] Weapon Skills axe [Skilled] short sword [Basic] Spellcasting Skills Final Attributes: You were piously aligned. You were fire resistant. You were cold resistant. You were sleep resistant. You were poison resistant. You were telepathic. You were fast. You had reflection. You were lucky. You are dead. Vanquished creatures: Medusa 3 red dragons 9 baby red dragons 4 water trolls a nurse a lurker above 2 frost giants 2 ghosts an ettin 3 queen bees 3 winged gargoyles 2 giant mimics 3 fire giants 3 ice trolls 9 rock trolls a flesh golem a large mimic 3 wumpuses a baby purple worm 4 long worms 2 couatls 2 stalkers a fire elemental 2 earth elementals a water elemental 4 hill giants an elf-lord 3 wargs 2 winter wolves 6 small mimics an island nymph 2 warhorses 2 xans 3 ettin mummies 7 ogre lords a quantum mechanic 4 trolls a sasquatch a wood golem a pyrolisk 3 flaming spheres a shocking sphere 2 dwarf kings 4 tengu 2 gelatinous cubes an ochre jelly 2 chameleons 2 energy vortices 2 elf mummies 3 red nagas 3 pythons 5 wraiths an ettin zombie a leather golem 2 Grey-elves 2 succubi 2 incubi 3 giant beetles 2 cockatrices 12 wolves 7 winter wolf cubs 4 lynxes 3 gremlins 8 leprechauns 3 quivering blobs a spotted jelly 8 lizards 4 mountain nymphs 3 orc-captains 2 mumakil 5 giant spiders a scorpion 2 horses 4 ice vortices 2 black lights 2 vampire bats a gnome king 2 orc mummies a dwarf mummy 53 ogres a rust monster 6 owlbears 2 yetis a gold golem a werewolf 3 Green-elves 2 chieftains 4 chickatrices 2 dogs 2 housecats a jaguar 3 dwarf lords 2 blue jellies 4 water nymphs 5 white unicorns a black unicorn 2 dust vortices 5 ravens 4 plains centaurs a gnome mummy 5 snakes a human zombie 2 rope golems 11 Woodland-elves 10 soldier ants 13 fire ants 10 bugbears an imp 5 quasits 6 wood nymphs 15 Mordor orcs 8 Uruk-hai 15 orc shamans 7 rock moles 5 rock piercers 3 ponies 3 fog clouds 9 yellow lights 5 shriekers a violet fungus 19 gnome lords 6 gnomish wizards a kobold mummy a black naga hatchling a gray ooze a barrow wight an elf zombie 2 ghouls a straw golem 3 paper golems 14 giant ants a little dog 7 floating eyes 2 kittens 20 dwarves 3 homunculi 3 kobold lords 3 kobold shamans 8 iguanas 30 hill orcs 12 rothes 2 rabid rats 3 giant bats a monkey 9 orc zombies a dwarf zombie 3 wererats a werejackal 61 killer bees 5 coyotes 3 gas spores 4 hobbits an acid blob 5 large kobolds 14 geckos 14 hobgoblins 9 giant rats 4 cave spiders 8 brown molds 4 yellow molds 8 green molds 3 red molds 46 gnomes 6 garter snakes 12 manes 3 gnome zombies 15 jackals 5 foxes 4 kobolds 12 newts 12 goblins 3 sewer rats 18 grid bugs 2 bats 3 lichens 4 kobold zombies 909 creatures vanquished. Voluntary challenges: You had been an atheist until turn 2834. You used a wielded weapon 1455 times, starting on turn 5. You read items or engraved 2 times, starting on turn 19528. You never genocided any monsters. You never polymorphed an object. You changed form 1 time, starting on turn 2793. You completed Sokoban on turn 5370, according to the rules. You used no wishes. You never split a pudding. You wrote Elbereth's name 2 times, starting on turn 19528. You never violated your personal moral code. Dungeon overview: The Dungeons of Doom: levels 1 to 26 Level 1 a fountain a long staircase Level 2 a general store, a fountain stairs to The Gnomish Mines Level 3 a fountain Level 4 Level 5 a sink Level 6 many fountains Level 7 (shop has GoP) an armor shop stairs to Sokoban Level 8 Level 9 a general store, a sink Level 10 (vault) Level 11 (empty stash) Level 12 (quest) portal to The Quest Level 13 (empty stash) a throne Level 14 a temple to Crom, a fountain, a sink Level 15 Level 16 (empty stash) a fountain, a sink Level 17 a temple to Crom Level 18 Level 19 Level 20 Level 21 Level 22 (medusa) Level 23 Level 24 Level 25 <- You were here Level 26 The Gnomish Mines: levels 3 to 10 Level 3 stairs to The Dungeons of Doom Level 4 Level 5 many shops, a temple to Mitra, a magic chest, some fountains Level 6 Level 7 Level 8 Level 9 Level 10 many altars to Moloch, some fountains The Quest: levels 1 to 3 Level 1 a magic chest, a throne portal to The Dungeons of Doom Level 2 Level 3 Sokoban: levels 3 to 6 Level 3 a magic chest Level 4 Level 5 Level 6 a magic chest stairs to The Dungeons of Doom History has recorded: On T:1 you entered the Dungeons of Doom to retrieve the Amulet of Yendor! On T:375 you reached level 2 of The Dungeons of Doom. On T:513 you reached level 1 of The Gnomish Mines. On T:582 you advanced to experience level 2. On T:721 you reached level 3 of The Dungeons of Doom. On T:1055 you reached level 4 of The Dungeons of Doom. On T:1082 you reached level 5 of The Dungeons of Doom. On T:1105 you advanced to experience level 3. On T:1385 you advanced to experience level 4. On T:1733 you reached level 6 of The Dungeons of Doom. On T:1998 you reached level 7 of The Dungeons of Doom. On T:2122 you advanced to experience level 5. On T:2197 you reached level 8 of The Dungeons of Doom. On T:2238 you reached level 4 of Sokoban. On T:2627 you advanced to experience level 6. On T:2638 you opened a magic chest. On T:2638 you opened a magic chest. On T:2840 you opened a magic chest. On T:2994 you opened a magic chest. On T:3044 you reached level 3 of Sokoban. On T:3776 you reached level 2 of Sokoban. On T:4289 you reached level 1 of Sokoban. On T:4466 you advanced to experience level 7. On T:5370 you advanced to experience level 8. On T:5370 you entered the Sokoban zoo. On T:5467 you opened a magic chest. On T:5656 you opened a magic chest. On T:5659 you opened a magic chest. On T:5667 you opened a magic chest. On T:6475 you opened a magic chest. On T:6477 you opened a magic chest. On T:6654 you opened a magic chest. On T:6698 you opened a magic chest. On T:6699 you opened a magic chest. On T:6714 you opened a magic chest. On T:6791 you opened a magic chest. On T:7566 you reached level 2 of The Gnomish Mines. On T:7702 you reached level 3 of The Gnomish Mines. On T:7863 you entered the Minetown temple On T:7892 you opened a magic chest. On T:7930 you advanced to experience level 9. On T:7996 you opened a magic chest. On T:8002 you opened a magic chest. On T:8126 you reached level 4 of The Gnomish Mines. On T:8251 you opened a magic chest. On T:8252 you opened a magic chest. On T:8340 you opened a magic chest. On T:8342 you opened a magic chest. On T:8364 you opened a magic chest. On T:8598 you opened a magic chest. On T:8613 you opened a magic chest. On T:8620 you opened a magic chest. On T:9125 you reached level 9 of The Dungeons of Doom. On T:9217 you reached level 10 of The Dungeons of Doom. On T:9495 you reached level 11 of The Dungeons of Doom. On T:9582 you reached level 12 of The Dungeons of Doom. On T:9920 you reached level 13 of The Dungeons of Doom. On T:9954 you reached level 14 of The Dungeons of Doom. On T:10150 you reached level 15 of The Dungeons of Doom. On T:10202 you opened a magic chest. On T:10203 you opened a magic chest. On T:10556 you reached level 1 of The Quest. On T:10590 you advanced to experience level 10. On T:10670 you advanced to experience level 11. On T:11721 you reached level 16 of The Dungeons of Doom. On T:12431 you reached level 17 of The Dungeons of Doom. On T:13109 you reached level 18 of The Dungeons of Doom. On T:13837 you opened a magic chest. On T:13838 you opened a magic chest. On T:13838 you opened a magic chest. On T:14284 you reached level 5 of The Gnomish Mines. On T:14680 you reached level 6 of The Gnomish Mines. On T:14965 you opened a magic chest. On T:14965 you opened a magic chest. On T:14967 you opened a magic chest. On T:15109 you reached level 7 of The Gnomish Mines. On T:15445 you reached level 8 of The Gnomish Mines. On T:15445 you reached the bottom of the Mines. On T:16532 you opened a magic chest. On T:16535 you opened a magic chest. On T:16833 you opened a magic chest. On T:16834 you opened a magic chest. On T:16852 you opened a magic chest. On T:16919 you opened a magic chest. On T:16919 you opened a magic chest. On T:16999 you advanced to experience level 12. On T:17015 you opened a magic chest. On T:17015 you opened a magic chest. On T:17193 you opened a magic chest. On T:17642 you opened a magic chest. On T:18501 you reached level 19 of The Dungeons of Doom. On T:18696 you reached level 20 of The Dungeons of Doom. On T:18863 you reached level 21 of The Dungeons of Doom. On T:19017 you reached level 22 of The Dungeons of Doom. On T:19516 you advanced to experience level 13. On T:20247 you advanced to experience level 14. On T:20796 you opened a magic chest. On T:20797 you opened a magic chest. On T:20798 you opened a magic chest. On T:22114 you opened a magic chest. On T:22430 you opened a magic chest. On T:22785 you embarked upon an epic quest. On T:22809 you opened a magic chest. On T:22843 you opened a magic chest. On T:22886 you reached level 2 of The Quest. On T:23143 you reached level 3 of The Quest. On T:23277 you opened a magic chest. On T:23658 you opened a magic chest. On T:23658 you opened a magic chest. On T:23917 you opened a magic chest. On T:24196 you opened a magic chest. On T:24379 you opened a magic chest. On T:24556 you opened a magic chest. On T:24556 you opened a magic chest. On T:24559 you opened a magic chest. On T:24619 you opened a magic chest. On T:24911 you opened a magic chest. On T:25215 you opened a magic chest. On T:25245 you opened a magic chest. On T:25514 you opened a magic chest. On T:25516 you opened a magic chest. On T:25627 you opened a magic chest. On T:25628 you opened a magic chest. On T:25663 you opened a magic chest. On T:25663 you opened a magic chest. On T:25667 you opened a magic chest. On T:25728 you opened a magic chest. On T:25729 you opened a magic chest. On T:25729 you opened a magic chest. On T:25754 you opened a magic chest. On T:25754 you opened a magic chest. On T:25756 you opened a magic chest. On T:25758 you opened a magic chest. On T:25774 you opened a magic chest. On T:25774 you opened a magic chest. On T:25823 you opened a magic chest. On T:25823 you opened a magic chest. On T:25892 you opened a magic chest. On T:25893 you opened a magic chest. On T:25893 you opened a magic chest. On T:25947 you opened a magic chest. On T:25948 you opened a magic chest. On T:25949 you opened a magic chest. On T:27315 you killed Medusa on level 22 of The Dungeons of Doom. On T:28131 you reached level 24 of The Dungeons of Doom. On T:28140 you reached level 25 of The Dungeons of Doom. On T:29234 you reached level 26 of The Dungeons of Doom. Score breakdown: Gold: 3401 ( 340 points) Experience: 14 levels ( 1300 points) Exploration: 26 levels ( 750 points) Discoveries: 30 items ( 1500 points) Variety of kills: 176 monsters ( 2000 points) Major goal: Sokoban/Mines ( 1500 points) Survival: died (score multiplied by 3) Total score: 22170 Latest messages: You put an uncursed +2 elven mithril-coat into the bag called oilskin. You put an uncursed +0 pair of gauntlets of power into the bag called oilskin. The gelatinous cube touches you! You swing your battle-axe in a wide arc. You smite the gelatinous cube! You smite the winged gargoyle! The winged gargoyle claws you! (2x) The winged gargoyle bites! You die... Final status: Goodbye barbahack the Barbarian, killed by a winged gargoyle... You died in The Dungeons of Doom on dungeon level 25 with 22170 points, and 3401 pieces of gold, after 29589 moves. You were level 14 with a maximum of 166 hit points when you died.